 Dungeon Crawl Stone Soup version 0.31-a0-150-g89dc3ad700 (webtiles) character file.

Game seed: 15407530925432210620

1076 Ijustatesigmund the Stinger (level 8, 0/48 HPs)
             Began as an Octopode Venom Mage on June 8, 2023.
             Splashed by a jelly's acid (8 damage)
             ... on level 6 of the Dungeon.
             The game lasted 00:10:40 (6120 turns).

Ijustatesigmund the Stinger (Octopode Venom Mage)   Turns: 6120, Time: 00:10:41

Health: 0/48       AC: -7    Str: 12    XL:     8   Next: 29%
Magic:  13/13      EV: 13    Int: 23    God:
Gold:   271        SH:  0    Dex: 11    Spells: 5/15 levels left

rFire   . . .        c - +1 mace (freeze)
rCold   . . .        (no shield)
rNeg    . . .        b - +0 hat of Repulsion {Str+5}
rPois   .            (no amulet)
rElec   .            i - ring of flight
rCorr   .            (no ring)
SInv    .            (no ring)
Will    .....        (no ring)
Stlth   +++          (no ring)
HPRegen 0.28/turn    (no ring)
MPRegen 0.13/turn    (no ring)
                     (no ring)

%: no passive effects
@: corroded, flying
A: almost no armour, amphibious, 8 rings, camouflage 1, gelatinous body 1,
(nimble swimmer 1), tentacles, clever 1, low MP 1, wild magic 1
a: no special abilities


You were on level 6 of the Dungeon.
You visited 1 branch of the dungeon, and saw 6 of its levels.
You also visited: Sewer.

You collected 271 gold pieces.

Inventory:

Hand Weapons
 c - a +1 mace of freezing (weapon)
 l - the +7 rapier "Feepanka" {heavy, *Corrode rF- Dex+8 Stlth+}
   (You found it on level 2 of the Dungeon)

   Dex:       It affects your dexterity (+8).
   rF:        It makes you vulnerable to fire.
   *Corrode:  It may corrode you when you take damage.
   Stlth:     It makes you more stealthy.
Armour
 b - the +0 hat of Repulsion (worn) {Str+5}
   (You acquired it on level 1 of the Dungeon)

   Str:       It affects your strength (+5).
 e - a +0 buckler
Magical Staves
 m - a staff of conjuration
Jewellery
 i - a ring of flight (left tentacle)
 s - a ring of positive energy
Wands
 o - a wand of iceblast (4)
Scrolls
 k - a scroll of teleportation
 q - a scroll of vulnerability {unknown}
 r - a scroll of identify {unknown}
Potions
 a - 2 potions of magic
 d - a potion of mutation
 f - a potion of attraction {unknown}
 g - a potion of ambrosia {unknown}
 h - 2 potions of invisibility {unknown}
 j - 2 potions of lignification {unknown}
 n - a potion of curing {unknown}
 p - a potion of degeneration {unknown}
 t - a potion of heal wounds {unknown}


   Skills:
 - Level 1.1 Fighting
 - Level 2.0 Dodging
 - Level 2.6 Stealth
 + Level 2.7 Shields
 + Level 4.4 Spellcasting
 + Level 3.9 Conjurations
 - Level 1.6 Transmutations
 + Level 4.0 Air Magic
 + Level 6.4 Poison Magic


You had 5 spell levels left.
You knew the following spells:

 Your Spells              Type           Power      Damage    Failure   Level
a - Sting                 Tmut/Pois      100%       1d8       3%          1
b - Poisonous Vapours     Pois/Air       74%        N/A       3%          2
c - Mephitic Cloud        Conj/Pois/Air  35%        N/A       7%          3
d - Olgreb's Toxic Radia  Pois           45%        N/A       11%         4

Your spell library contained the following spells:

 Spells                   Type           Power      Damage    Failure   Level
 Hailstorm                Conj/Ice       18%        3d6       19%         3
 Ice Form                 Ice/Tmut       11%        N/A       65%         4
 Simulacrum               Ice/Necr       3%         N/A       100%        6


Dungeon Overview and Level Annotations

Branches:
Dungeon (6/15)             Temple (0/1) D:5           Sewer (visited)

Altars:
Dithmenos
Hepliaklqana
Uskayaw
The Shining One

Annotations:
D:1 2 transporters
D:3 Grinder


Innate Abilities, Weirdness & Mutations

You cannot wear most types of armour.
You are amphibious.
You can wear up to eight rings at the same time.
Your skin changes colour to match your surroundings (Stealth+).
Your rubbery body absorbs attacks. (AC +1, EV +1)
((You are camouflaged when in or above water. (Stealth+)))
You have tentacles for arms and can constrict up to eight enemies at once.
Your mind is acute. (Int +4, Str/Dex -1)
Your magical capacity is low. (-10% MP)
Your spells are a little harder to cast, but a little more powerful.


Message History

Casting: Poisonous Vapours (safe; 3% risk of failure)
Confirm with . or Enter, or press ? or * to list all spells.
You can't see any susceptible monsters within range! (Use Z to cast anyway.)
Casting: Poisonous Vapours (safe; 3% risk of failure)
Confirm with . or Enter, or press ? or * to list all spells.
You can't see any susceptible monsters within range! (Use Z to cast anyway.)
Casting: Poisonous Vapours (safe; 3% risk of failure)
Confirm with . or Enter, or press ? or * to list all spells.
You can't see any susceptible monsters within range! (Use Z to cast anyway.)
You see here 9 gold pieces.
A jelly comes into view.
The jelly hits you. The acid corrodes you!
You are splashed with acid!
You hit the jelly. You freeze the jelly. The acid corrodes you!
Your tentacles burn!
The jelly is lightly wounded.
The jelly hits you.
You are splashed with acid!
You are too injured to fight recklessly!
You are too injured to fight recklessly!
You are too injured to fight recklessly!
You are too injured to fight recklessly!
There are monsters nearby!
The jelly attacks as you move away! The jelly barely misses you.
You see here 9 gold pieces.
You hit the jelly but do no damage.
Your tentacles burn!
The jelly is lightly wounded.
The jelly closely misses you. The jelly misses you.
You sock the jelly! You freeze the jelly.
Your tentacles burn!
The jelly is severely wounded.
The jelly hits you. The acid corrodes you!
You are splashed with acid!
* * * LOW HITPOINT WARNING * * *
Okay, then.
Okay, then.
Okay, then.
You hit the jelly but do no damage.
Your tentacles burn!
* * * LOW HITPOINT WARNING * * *
The jelly is severely wounded.
The jelly barely misses you. The jelly hits you.
* * * LOW HITPOINT WARNING * * *
You are splashed with acid!
You die...

####...###.....######.#
#..†........... ....
#..###.##...... ###..
#.. ###......... ...#
... #<...#.....# #####
#. #..#.##...... #
....##..#.....#
..##.###.......# .
#....@......#
..$..##J#....## ....
#......# .###.....##..#
#....(.#..# #..##.....#
.... .....# ..##.
.#...# .J. # .#.###


You could see a jelly.

Vanquished Creatures
  A water moccasin (Sewer)
  An orc warrior (D:5)
  A black bear (D:6)
  6 scorpions
  2 howler monkeys
  2 hounds (D:4)
  A gnoll bouda (D:5)
  A jelly (D:4)
  A sleepcap (D:4)
  An iguana (D:4)
  5 gnolls
  5 adders
  A white imp (D:5)
  2 worms (D:5)
  A dart slug (D:2)
  5 orcs (D:5)
  3 endoplasms (D:2)
  3 giant cockroaches
  2 goblins (D:1)
  9 hobgoblins
  10 jackals
  5 quokkas
  8 ball pythons
  A bat (D:1)
  A frilled lizard (D:1)
  11 kobolds
  5 rats
94 creatures vanquished.

Notes
Turn   | Place    | Note
-------+----------+-------------------------------------------
     0 | D:1      | Ijustatesigmund the Octopode Venom Mage began the quest for
                  | the Orb.
     0 | D:1      | Reached XP level 1. HP: 11/11 MP: 3/3
   427 | D:1      | Reached XP level 2. HP: 18/18 MP: 1/5
  1116 | D:1      | Identified a scroll of acquirement
  1116 | D:1      | Acquired the +0 hat of Repulsion {Str+5}
  1344 | D:2      | Reached skill level 1 in Fighting
  1344 | D:2      | Reached skill level 4 in Poison Magic
  1344 | D:2      | Reached XP level 3. HP: 13/23 MP: 2/6
  1378 | D:2      | Learned a level 2 spell: Poisonous Vapours
  1382 | D:2      | Learned a level 3 spell: Mephitic Cloud
  1812 | D:2      | Identified the +7 rapier "Feepanka" {heavy, *Corrode rF-
                  | Dex+8 Stlth+}
  2299 | D:3      | Reached XP level 4. HP: 25/28 MP: 4/7
  2323 | D:3      | Found a glowing golden altar of the Shining One.
  2399 | D:3      | Noticed Grinder
  2625 | D:4      | Reached skill level 1 in Air Magic
  2665 | D:4      | Found a hazy altar of Hepliaklqana.
  2760 | D:4      | Found a glowing drain.
  2764 | Sewer    | Entered a sewer
  2821 | Sewer    | Noticed a water moccasin
  2830 | Sewer    | Killed a water moccasin
  2831 | Sewer    | Reached skill level 1 in Conjurations
  2831 | Sewer    | Reached XP level 5. HP: 21/33 MP: 5/9
  3095 | D:4      | Reached skill level 5 in Poison Magic
  3138 | D:4      | Reached XP level 6. HP: 28/38 MP: 7/10
  3272 | D:4      | Learned a level 4 spell: Olgreb's Toxic Radiance
  3894 | D:4      | Found a hide-covered altar of Uskayaw.
  4013 | D:4      | Found a shadowy altar of Dithmenos.
  4172 | D:5      | Entered Level 5 of the Dungeon
  4186 | D:5      | Found a staircase to the Ecumenical Temple.
  4211 | D:5      | Reached skill level 1 in Shields
  4211 | D:5      | Reached XP level 7. HP: 29/43 MP: 7/12
  4574 | D:5      | Gained mutation: Your magical capacity is low. (-10% MP)
                  | [potion of mutation]
  4574 | D:5      | Gained mutation: Your mind is acute. (Int +4, Str/Dex -1)
                  | [potion of mutation]
  4574 | D:5      | Gained mutation: Your spells are a little harder to cast,
                  | but a little more powerful. [potion of mutation]
  4897 | D:5      | Reached skill level 6 in Poison Magic
  5283 | D:5      | Reached XP level 8. HP: 33/48 MP: 0/12
  5443 | D:6      | Identified the +1 robe of the Forest {rPois Dex+2}
  6120 | D:6      | Splashed by a jelly's acid

Illustrated notes

Levels and vault maps discovered:
D:1:      spicycebolla_arrival_transporter_tutorial, layout_loops_ring,
          corexii_hall_statues_i
D:2:      layout_basic, minmay_misc_feat_secret_circle, serial_bayou_lagoon_a,
          minmay_misc_feat_ornament, hangedman_decor_riveting,
          grunt_ministairs_1
D:3:      cheibrodos_helix_gallery, layout_loops_ring,
          nicolae_tso_carved_into_rock, uniq_grinder
D:4:      layout_loops_ring, mainiacjoe_overflow_six_doors_small,
          mainiacjoe_overflow_surrounded_room, mainiacjoe_overflow_alcove_1,
          gup_sewer_entry_bowl, chequers_garden, kennysheep_generic_room_6
D:5:      layout_basic, minmay_temple_entry_enclosed_plants,
          chequers_serial_rivers_micro_e, interstate_on_off
D:6:      layout_rooms, mainiacjoe_overflow_paths, hangedman_decor_points

Skill      XL: |  1  2  3  4  5  6  7  8 |
---------------+-------------------------+-----
Fighting       | 1 |  1.1
Poison Magic   | 4 5 6 |  6.4
Air Magic      | 1 2 3 4 |  4.0
Spellcasting   | 3 4 |  4.4
Conjurations   | 1 2 3 |  3.9
Shields        | 1 2 |  2.7
Dodging        | |  2.0
Stealth        | |  2.6
Transmutations | |  1.6

Action                     |  1- 3 |  4- 6 |  7- 9 || total
---------------------------+-------+-------+-------++-------
  Melee: Mace              |    40 |    63 |    32 ||   135
         Tentacles         |     9 |    23 |     6 ||    38
         Constrict         |    12 |    16 |    11 ||    39
         Punch             |     1 |     1 |       ||     2
   Cast: Sting             |    18 |     1 |     3 ||    22
         Poisonous Vapours |    12 |    14 |    37 ||    63
         Mephitic Cloud    |       |       |     2 ||     2
    Use: Scroll            |     4 |     5 |     1 ||    10
         Potion            |       |       |     1 ||     1
   Stab: Sleeping          |     1 |     4 |       ||     5
         Distracted        |       |       |     2 ||     2
 Armour: Skin              |     3 |     5 |     1 ||     9
  Dodge: Dodged            |    40 |    41 |    21 ||   102

Table legend: (Time is in decaauts)
 A = Elapsed time spent in this place.
 B = Non-inter-level travel time spent in this place.
 C = Inter-level travel time spent in this place.
 D = Time resting spent in this place.
 E = Time spent auto-exploring this place.
 F = Levels seen in this place.
 G = Mean time per level.
                   A        B        C        D        E       F      G
               +--------+--------+--------+--------+--------+-----+--------+
         Total |   6172 |   6091 |     81 |   2234 |   3100 |   7 |  881.7 |
       Dungeon |   5872 |   5791 |     81 |   2051 |   3025 |   6 |  978.7 |
         Sewer |    300 |    300 |      0 |    183 |     75 |   1 |  300.0 |
               +--------+--------+--------+--------+--------+-----+--------+

Top non-repeatable levels by time:
     D:1: 1323 daAuts
     D:4: 1280 daAuts
     D:5: 1191 daAuts
     D:2: 898 daAuts
     D:6: 770 daAuts
     D:3: 408 daAuts
   Sewer: 300 daAuts
